[Event "Team 45 45 League T37"]
[Site "Internet Chess Club"]
[Date "2008.05.18"]
[Round "4"]
[White "stakastra"]
[Black "okun"]
[Result "0-1"]
[WhiteElo "1497"]
[BlackElo "1592"]
[Opening "Pirc: Byrne variation"]
[ECO "B07"]
[Time "08:02:09"]
[TimeControl "2700+45"]

1. e4 d6 2. d4 Nf6 3. Nc3 g6 4. Bg5 Bg7 5. Nf3 O-O 6. Qd2 Re8 7. Bc4 Nxe4 8.
Bxf7+ Kxf7 9. Nxe4 Kg8 10. O-O Nc6 11. h3 Bf5 12. Ng3 Bd7 13. c3 Qc8 14. Rad1 e5
15. dxe5 Nxe5 16. Nxe5 Bxe5 17. Rfe1 Bc6 18. Bf4 Bg7 19. Rxe8+ Qxe8 20. b4 Qf7
21. Qd3 Qxf4 22. c4 Rf8 23. Rd2 Bh6 24. Re2 Qc1+ 25. Kh2 Bf4 26. b5 Bd7 27. Re7
Bf5 28. Qd5+ Kh8 29. Qd4+ Be5 30. Qh4 g5 31. Qh5 Bg6 32. Qg4 Qf4 33. Rxc7 Qxf2
34. Rxb7 Be4 {White resigns} 0-1

[Event "Team 45 45 League T37"]
[Site "Internet Chess Club"]
[Date "2008.05.15"]
[Round "4"]
[White "RingLord"]
[Black "Tomate"]
[Result "1-0"]
[WhiteElo "1582"]
[BlackElo "1457"]
[Opening "Ponziani: Jaenisch counter-attack"]
[ECO "C44"]
[Time "19:36:51"]
[TimeControl "2700+45"]

1. e4 e5 2. Nf3 Nc6 3. c3 Nf6 4. Bd3 Bc5 5. b4 Bb6 6. b5 Ne7 7. Nxe5 d6 8. Nc4
Ng6 9. Nxb6 axb6 10. O-O O-O 11. Bc2 Ng4 12. f3 N4e5 13. d4 Nc4 14. Bb3 Na5 15.
Bc2 Be6 16. d5 Bd7 17. Qe2 c6 18. c4 Ne5 19. Nd2 Qc8 20. Ba3 c5 21. Bb2 f6 22.
f4 Bg4 23. Qf2 Nexc4 24. Bc1 Nxd2 25. Qxd2 Bd7 26. a4 Nc4 27. Qd3 Na5 28. e5 g6
29. e6 Bxe6 30. dxe6 Qxe6 31. f5 Qc4 32. Qxc4+ Nxc4 33. fxg6 hxg6 34. Bxg6 Kg7
35. Be4 Rab8 36. Rf3 Ne5 37. Rg3+ Kf7 38. Bd5+ Ke7 39. Rg7+ Nf7 40. Bb2 {Black
resigns} 1-0

[Event "Team 45 45 League T37"]
[Site "Internet Chess Club"]
[Date "2008.05.19"]
[Round "4"]
[White "frontier"]
[Black "bbentrup"]
[Result "1-0"]
[WhiteElo "2172"]
[BlackElo "2203"]
[Opening "English: three knights system"]
[ECO "A27"]
[Time "19:00:34"]
[TimeControl "2700+45"]

1. c4 e5 2. Nc3 Nc6 3. Nf3 g6 4. e3 Bg7 5. d4 exd4 6. exd4 d6 7. Be2 Nge7 8. O-O
O-O 9. Bg5 h6 10. Be3 Nf5 11. Qd2 Re8 12. Rae1 h5 13. Bg5 Qd7 14. d5 Ncd4 15.
Nxd4 Nxd4 16. Bd3 Rxe1 17. Rxe1 Qg4 18. Re8+ Kh7 19. Kf1 f6 20. Ne4 Qd7 21. Rf8
f5 22. Nf6+ Bxf6 23. Bxf6 {Black resigns} 1-0

[Event "Team 45 45 League T37"]
[Site "Internet Chess Club"]
[Date "2008.05.19"]
[Round "4"]
[White "hewdondada"]
[Black "chsrules88"]
[Result "0-1"]
[WhiteElo "1849"]
[BlackElo "2061"]
[Opening "QGD: Chigorin defense"]
[ECO "D07"]
[Time "21:55:27"]
[TimeControl "2700+45"]

1. d4 d5 2. c4 Nc6 3. cxd5 Qxd5 4. e3 e5 5. Nc3 Bb4 6. Bd2 Bxc3 7. Bxc3 exd4 8.
Ne2 Bg4 9. Qd2 Bxe2 10. Kxe2 Qh5+ 11. g4 dxc3 12. Qxc3 Qb5+ 13. Ke1 Qb4 14. Be2
Qxc3+ 15. bxc3 Nge7 16. Rb1 O-O-O 17. g5 Rd6 18. Bg4+ Kb8 19. Rb2 Ne5 20. Be2
Nd3+ 21. Bxd3 Rxd3 22. Rb3 Rhd8 23. Ke2 Rd2+ 24. Kf3 Rxa2 25. Rhb1 b6 {White
resigns} 0-1

[Event "Team 45 45 League T37"]
[Site "Internet Chess Club"]
[Date "2008.05.16"]
[Round "4"]
[White "Atwode"]
[Black "ExpertLevel"]
[Result "0-1"]
[WhiteElo "1878"]
[BlackElo "1818"]
[Opening "English, 1...Nf6 (Anglo-Indian defense)"]
[ECO "A15"]
[Time "19:06:16"]
[TimeControl "2700+45"]

1. c4 Nf6 2. g3 g6 3. Bg2 Bg7 4. Nc3 O-O 5. Nf3 d6 6. O-O e5 7. d3 c6 8. Rb1 a5
9. a3 Na6 10. b4 axb4 11. axb4 Bd7 12. h3 Rc8 13. b5 Nc5 14. Ba3 Qe7 15. Bxc5
dxc5 16. Qb3 cxb5 17. Nxb5 e4 18. dxe4 Nxe4 19. Rfd1 Bxb5 20. Qxb5 Nc3 21. Rd7
Qe8 22. Qxb7 Nxb1 23. Ng5 Rb8 24. Qa7 Nc3 25. Re7 Rb1+ 26. Kh2 Qb8 27. Qxc5 Bf6
{White resigns} 0-1

[Event "Team 45 45 League T37"]
[Site "Internet Chess Club"]
[Date "2008.05.26"]
[Round "4"]
[White "BigMike"]
[Black "netshooter"]
[Result "1-0"]
[WhiteElo "1752"]
[BlackElo "1818"]
[Opening "Scotch game"]
[ECO "C45"]
[Time "13:58:54"]
[TimeControl "2700+45"]

1. e4 e5 2. Nf3 Nc6 3. d4 exd4 4. Nxd4 Bc5 5. Be3 Qf6 6. c3 Nge7 7. Bc4 O-O 8.
O-O b6 9. f4 d6 10. Na3 Bb7 11. Nac2 a5 12. a3 a4 13. Qd3 Rfd8 14. Ba2 d5 15. e5
Qh4 16. Rf3 Qh5 17. Raf1 Ba6 18. c4 dxc4 19. Bxc4 Bxc4 20. Qxc4 Nxd4 21. Nxd4
Nd5 22. Bf2 Qg4 23. Nc6 Bxf2+ 24. R1xf2 Rd7 25. Rd3 Ne7 26. h3 Qf5 27. Nxe7+
Rxe7 28. Rfd2 c5 29. Rd8+ Re8 30. Rxe8+ Rxe8 31. Qxa4 Rf8 32. Kh2 b5 33. g4 bxa4
34. gxf5 h5 35. Kg3 Rb8 36. Kh4 Rb3 37. Rc2 g6 38. fxg6 fxg6 39. Rxc5 Rxb2 40.
Rc4 Kf7 41. Rxa4 Rg2 42. Ra6 Ke7 43. a4 Kd7 44. Rd6+ Kc7 45. a5 Kb7 46. a6+ Ka7
47. e6 Rf2 48. Kg3 Re2 49. Kf3 Re1 50. Rc6 Kb8 51. e7 Rxe7 52. Rxg6 Ra7 53. Rb6+
Kc8 54. Rh6 Kd8 55. Rh8+ Kc7 56. Rh7+ Kb6 57. Rxa7 Kxa7 58. Ke4 Kxa6 59. Ke5 Kb7
60. Ke6 Kc6 61. f5 Kc7 62. Ke7 h4 63. f6 Kc6 64. f7 Kd5 65. f8=Q Kd4 66. Qf6+
Ke4 67. Ke6 Kd3 68. Qe5 Kc4 69. Kd6 Kb3 70. Qd4 Kc2 71. Qe3 Kb2 72. Qd3 Ka2 73.
Qb5 Ka3 74. Kc5 Ka2 75. Kc4 Ka1 76. Kc3 Ka2 77. Qb2# {Black checkmated} 1-0

[Event "Team 45 45 League T37"]
[Site "Internet Chess Club"]
[Date "2008.05.15"]
[Round "4"]
[White "Miles295"]
[Black "Checkmates"]
[Result "0-1"]
[WhiteElo "2135"]
[BlackElo "2481"]
[Opening "Sicilian defense"]
[ECO "B40"]
[Time "13:02:22"]
[TimeControl "2700+45"]

1. e4 c5 2. Nf3 e6 3. d3 Nc6 4. g3 g6 5. Bg2 Bg7 6. O-O Nge7 7. c3 e5 8. Nh4 O-O
9. f4 d6 10. Nd2 f5 11. Qb3+ Kh8 12. Ndf3 h6 13. Be3 Qb6 14. fxe5 Nxe5 15. Nxe5
Bxe5 16. Bxh6 Bg7 17. Bf4 Be5 18. Rae1 Qc7 19. exf5 Bxf5 20. Qxb7 Qxb7 21. Bxb7
Rab8 22. Rxe5 dxe5 23. Bxe5+ Kg8 24. Nxf5 gxf5 25. Bxb8 Rxb8 26. Ba6 Rxb2 27.
Re1 Ng6 28. Re6 Kg7 29. Bc4 Rc2 30. Ra6 Ne5 31. Rxa7+ Kf6 32. Bd5 Nxd3 33. c4
Ke5 34. a4 Nb4 35. Re7+ Kd4 36. h4 Nxd5 37. cxd5 Kxd5 38. h5 Ra2 39. Ra7 Ke4 40.
h6 Rb2 41. h7 Rb8 42. Kf2 Rb2+ 43. Kg1 Rb8 44. a5 c4 45. Kf2 Rb2+ 46. Kg1 Rb8
47. a6 c3 48. Re7+ Kd3 49. Rd7+ Ke3 50. Rc7 Kd2 51. Rd7+ Ke3 52. Rb7 c2 53. Rxb8
c1=Q+ 54. Kh2 Kf2 55. Rb2+ Qxb2 {White resigns} 0-1

[Event "Team 45 45 League T37"]
[Site "Internet Chess Club"]
[Date "2008.05.16"]
[Round "4"]
[White "jazzyjoe"]
[Black "Flying-Tiger"]
[Result "0-1"]
[WhiteElo "1672"]
[BlackElo "1983"]
[Opening "Sicilian: Alapin's variation (2.c3)"]
[ECO "B22"]
[Time "20:23:31"]
[TimeControl "2700+45"]

1. e4 c5 2. c3 g6 3. g3 Bg7 4. Bg2 Nc6 5. Ne2 Nf6 6. d4 cxd4 7. cxd4 d5 8. e5
Ng4 9. h3 Nh6 10. Nbc3 e6 11. O-O O-O 12. Be3 Nf5 13. Qd2 Bd7 14. a3 Na5 15. g4
Nb3 16. Qc2 Nxa1 17. Rxa1 Nxe3 18. fxe3 Bh6 19. Nf4 Rc8 20. Qf2 f6 21. h4 fxe5
22. dxe5 Qb6 23. g5 Bg7 24. Bh3 Bxe5 25. Rd1 Bxf4 26. exf4 Qxf2+ 27. Kxf2 Rxf4+
28. Kg3 Rcf8 29. Nxd5 Rf3+ 30. Kg2 exd5 31. Bxd7 Rf2+ 32. Kg3 Rxb2 33. Be6+ Kh8
34. Bxd5 Rd8 35. Kf4 Ra2 36. Rd3 Rf2+ 37. Ke5 Re2+ 38. Kf4 Re7 39. Be4 Rxd3 40.
Bxd3 b6 41. a4 Kg7 42. Bb5 Kf7 {White resigns} 0-1

[Event "Team 45 45 League T37"]
[Site "Internet Chess Club"]
[Date "2008.05.18"]
[Round "4"]
[White "LennyH"]
[Black "Lazerpawn"]
[Result "1-0"]
[WhiteElo "1879"]
[BlackElo "1668"]
[Opening "Petrov: classical attack"]
[ECO "C42"]
[Time "12:09:05"]
[TimeControl "2700+45"]

1. e4 e5 2. Nf3 Nf6 3. Nxe5 d6 4. Nf3 Nxe4 5. d4 d5 6. Bd3 Bg4 7. O-O Bd6 8.
Nbd2 f5 9. c4 c6 10. h3 Bh5 11. Re1 O-O 12. cxd5 cxd5 13. Qb3 Rf7 14. g3 Bxg3
15. fxg3 Nxg3 16. Ne5 Re7 17. Nf1 Nxf1 18. Rxf1 Rxe5 19. dxe5 g6 20. Qxb7 Qb6+
21. Qxb6 axb6 22. Bf4 Nd7 23. Rfc1 Nc5 24. Bb5 Ne6 25. Bc6 Rd8 26. Rf1 Nd4 27.
Rac1 Ne2+ 28. Kg2 Nxc1 29. Rxc1 d4 30. Bg5 {Black forfeits on time} 1-0

[Event "Team 45 45 League T37"]
[Site "Internet Chess Club"]
[Date "2008.05.16"]
[Round "4"]
[White "mickeys"]
[Black "Wheels"]
[Result "1-0"]
[WhiteElo "1800"]
[BlackElo "1820"]
[Opening "King's Indian: Gligoric-Taimanov system"]
[ECO "E90"]
[Time "20:01:54"]
[TimeControl "2700+45"]

1. d4 Nf6 2. Nf3 g6 3. c4 Bg7 4. Nc3 d6 5. e4 O-O 6. Be3 e5 7. Be2 Ng4 8. Bg5 f6
9. Bh4 Nc6 10. d5 Ne7 11. Nd2 Nh6 12. f3 g5 13. Bf2 f5 14. O-O Ng6 15. c5 Qe7
16. Bc4 Kh8 17. b4 f4 18. Rc1 g4 19. Be2 Qg5 20. fxg4 Nxg4 21. Bxg4 Bxg4 22. Nf3
Bxf3 23. Qxf3 a6 24. Na4 Qe7 25. cxd6 cxd6 26. Nb6 Rad8 27. Rc2 Rf7 28. Rfc1 Nf8
29. Rc3 Nd7 30. Rc7 Qf6 31. Qg4 Nxb6 32. Bh4 Rxc7 33. Rxc7 Rc8 34. Rxc8+ Nxc8
35. Bxf6 Bxf6 36. Qxc8+ {Black resigns} 1-0

[Event "Team 45 45 League T37"]
[Site "Internet Chess Club"]
[Date "2008.05.16"]
[Round "4"]
[White "crag"]
[Black "kinchknifeblade"]
[Result "1/2-1/2"]
[WhiteElo "1606"]
[BlackElo "1350"]
[Opening "Sicilian: dragon, classical, Richter variation"]
[ECO "B73"]
[Time "18:00:45"]
[TimeControl "2700+45"]

1. e4 c5 2. Nf3 d6 3. d4 cxd4 4. Nxd4 g6 5. Be2 Bg7 6. Nc3 Nf6 7. O-O O-O 8. Be3
Nc6 9. Qd2 a6 10. Rad1 Ng4 11. Nxc6 bxc6 12. Bd4 Bxd4 13. Qxd4 Ne5 14. Rd2 c5
15. Qe3 Qa5 16. f4 Nc6 17. Rfd1 Bb7 18. a3 Nd4 19. Bc4 e5 20. fxe5 dxe5 21. Nd5
Rad8 22. Nf6+ Kg7 23. Qg5 h6 24. Nh5+ Kh7 25. Nf6+ Kg7 26. Nh5+ Kh7 {Game drawn
by mutual agreement} 1/2-1/2

[Event "Team 45 45 League T37"]
[Site "Internet Chess Club"]
[Date "2008.05.18"]
[Round "4"]
[White "knight2f3"]
[Black "houseofcook"]
[Result "1-0"]
[WhiteElo "1426"]
[BlackElo "1424"]
[Opening "Queen's pawn game"]
[ECO "D04"]
[Time "14:05:54"]
[TimeControl "2700+45"]

1. d4 d5 2. Nf3 Nf6 3. e3 Bg4 4. Be2 e6 5. O-O c5 6. b3 Be7 7. Bb2 O-O 8. c4 Nc6
9. Nc3 Rc8 10. Re1 Re8 11. Rc1 cxd4 12. Nxd4 Bxe2 13. Qxe2 Nxd4 14. exd4 dxc4
15. bxc4 Qb6 16. Red1 Qa6 17. Nb5 Qxa2 18. Rc2 Qa5 19. Ra1 Qb6 20. Rxa7 Ra8 21.
c5 Qc6 22. Bc1 Rxa7 23. Nxa7 Qa4 24. Nb5 Nd5 25. Ra2 Qb4 26. Ra7 Qb1 27. Qb2 Qd3
28. h3 Rb8 29. Nd6 b6 30. Kh2 Bxd6+ 31. cxd6 Rd8 32. Qa2 Qe4 33. Ra8 Rf8 34.
Rxf8+ {Black resigns} 1-0

[Event "Team 45 45 League T37"]
[Site "Internet Chess Club"]
[Date "2008.05.16"]
[Round "4"]
[White "AtomicDog"]
[Black "SeniorCitizen"]
[Result "0-1"]
[WhiteElo "1311"]
[BlackElo "1406"]
[Opening "French: Rubinstein variation"]
[ECO "C03"]
[Time "14:59:38"]
[TimeControl "2700+45"]

1. e4 e6 2. d4 d5 3. Nd2 dxe4 4. Nxe4 Nd7 5. Nf3 Ndf6 6. Bb5+ c6 7. Bd3 Nxe4 8.
Bxe4 Nf6 9. Bd3 Be7 10. O-O O-O 11. Re1 b6 12. c3 Bb7 13. Bf4 c5 14. Qe2 Bxf3
15. Qxf3 cxd4 16. cxd4 Qd5 17. Qe2 Qxd4 18. Be5 Qd8 19. Rad1 Nd5 20. Bxh7+ Kxh7
21. Qh5+ Kg8 22. Re4 Bf6 23. Bg3 Rc8 24. h3 Rc5 25. Be5 Qe7 26. Rdd4 Bxe5 27.
Qxe5 Nf6 28. Rh4 Rxe5 {White resigns} 0-1

[Event "Team 45 45 League T37"]
[Site "Internet Chess Club"]
[Date "2008.05.16"]
[Round "4"]
[White "Fogbound"]
[Black "ollo"]
[Result "0-1"]
[WhiteElo "1323"]
[BlackElo "1545"]
[Opening "Queen's pawn: London system"]
[ECO "A45"]
[Time "15:01:29"]
[TimeControl "2700+45"]

1. d4 Nf6 2. Bf4 d6 3. e3 g6 4. Bd3 Bg7 5. c3 O-O 6. Nd2 e5 7. Bg5 Nc6 8. Ne4 d5
9. Nxf6+ Bxf6 10. Bxf6 Qxf6 11. Qf3 Qe7 12. Qxd5 exd4 13. Ne2 Ne5 14. Be4 dxe3
15. O-O Rd8 16. Qb3 exf2+ 17. Kxf2 Ng4+ 18. Kg1 Qxe4 19. Qxf7+ Kh8 20. h3 Qe3+
21. Kh1 Be6 22. Qe7 Bxa2 23. Qh4 Qxe2 24. hxg4 Rd2 25. Qf6+ Kg8 26. Rg1 Bd5 27.
Qf1 Qxg4 28. Qf7+ Bxf7 29. Raf1 {White resigns} 0-1

[Event "Team 45 45 League T37"]
[Site "Internet Chess Club"]
[Date "2008.05.14"]
[Round "4"]
[White "cysk"]
[Black "jschneigi"]
[Result "1-0"]
[WhiteElo "1430"]
[BlackElo "1220"]
[Opening "Petrov: Cozio (Lasker) attack"]
[ECO "C42"]
[Time "22:00:42"]
[TimeControl "2700+45"]

1. e4 e5 2. Nf3 Nf6 3. Nxe5 d6 4. Nf3 Nxe4 5. Qe2 Qe7 6. d3 Nf6 7. Nc3 Bg4 8.
Bg5 Bxf3 9. gxf3 Qxe2+ 10. Bxe2 Be7 11. Bxf6 Bxf6 12. Nd5 Kd7 13. Nxf6+ gxf6 14.
O-O-O Nc6 15. Rhg1 Nd4 16. Rde1 Rae8 17. Kd2 f5 18. c3 Ne6 19. Bd1 Rhg8 20. d4
Ng5 21. Rxe8 Kxe8 22. Kd3 d5 23. f4 f6 24. fxg5 fxg5 25. Re1+ Kf7 26. Re5 Kf6
27. Rxd5 Rg7 28. Re5 g4 29. Ke3 h5 30. Bc2 Rg5 31. Kf4 h4 32. Rxf5+ Rxf5+ 33.
Bxf5 Ke7 34. Bxg4 Kd6 35. Kg5 c5 36. dxc5+ Kxc5 37. f4 b5 38. f5 b4 39. cxb4+
Kxb4 40. f6 Kc4 41. f7 Kd3 42. Kxh4 Kc2 43. f8=Q Kb1 44. Qa3 a5 45. Bf5+ Ka1 46.
Qd3 Kxa2 47. Qa3# {Black checkmated} 1-0

[Event "Team 45 45 League T37"]
[Site "Internet Chess Club"]
[Date "2008.05.15"]
[Round "4"]
[White "klt713"]
[Black "MrSlippery"]
[Result "1/2-1/2"]
[WhiteElo "1170"]
[BlackElo "1284"]
[Opening "Queen's pawn: English defense"]
[ECO "A40"]
[Time "14:01:30"]
[TimeControl "2700+45"]

1. d4 b6 2. e4 Bb7 3. d5 d6 4. c4 g6 5. Nc3 Bg7 6. Be3 e6 7. Nf3 h6 8. Bd3 Ne7
9. O-O c6 10. dxe6 fxe6 11. Qc2 Nd7 12. Rad1 Ne5 13. Nxe5 Bxe5 14. f4 Bg7 15.
Ne2 Rf8 16. Nd4 Qd7 17. Nf3 O-O-O 18. e5 Nf5 19. Bxf5 Rxf5 20. Nh4 Rf7 21. Nxg6
c5 22. Rxd6 Qc7 23. Rxe6 Rfd7 24. Qe2 Rg8 25. Qg4 Be4 26. Rd6 Kb7 27. Rfd1 Bxe5
28. Rxd7 Rxg6 29. Rxc7+ Bxc7 30. Qxg6 Bxg6 {Game drawn by mutual agreement}
1/2-1/2

[Event "Team 45 45 League T37"]
[Site "Internet Chess Club"]
[Date "2008.05.18"]
[Round "4"]
[White "reverendjim"]
[Black "ffplayer"]
[Result "1/2-1/2"]
[WhiteElo "1187"]
[BlackElo "1084"]
[Opening "King's pawn opening"]
[ECO "B07"]
[Time "08:01:08"]
[TimeControl "2700+45"]

1. e4 d6 2. d4 Nd7 3. Nf3 b6 4. c4 Bb7 5. Nc3 e5 6. d5 Ngf6 7. Bg5 Be7 8. Bxf6
Nxf6 9. Qa4+ Qd7 10. Qxd7+ Nxd7 11. Nb5 Bd8 12. Be2 O-O 13. O-O c6 14. Nxd6 Rb8
15. Nxb7 cxd5 16. cxd5 Rxb7 17. Bb5 f6 18. Bxd7 Rxd7 19. Rac1 Be7 20. a3 a5 21.
Nh4 Bc5 22. Nf5 g6 23. Ng3 Kg7 24. Kh1 f5 25. f3 fxe4 26. fxe4 Rxf1+ 27. Rxf1
Rf7 28. Rxf7+ {Game drawn by mutual agreement} 1/2-1/2

[Event "Team 45 45 League T37"]
[Site "Internet Chess Club"]
[Date "2008.05.18"]
[Round "4"]
[White "scar99"]
[Black "ticopatzer"]
[Result "1-0"]
[WhiteElo "1363"]
[BlackElo "1359"]
[Opening "Four knights: Scotch, 4...exd4"]
[ECO "C47"]
[Time "12:00:15"]
[TimeControl "2700+45"]

1. e4 e5 2. Nf3 Nf6 3. Nc3 Nc6 4. d4 exd4 5. Nxd4 Bc5 6. Be3 Bb4 7. Nxc6 bxc6 8.
Bd3 d5 9. O-O d4 10. Bxd4 Qxd4 11. e5 Ng4 12. Kh1 Nxf2+ 13. Rxf2 Qxf2 14. Be4
Bb7 15. Qg4 O-O 16. Bxh7+ Kxh7 17. Qxb4 Rab8 18. Ne4 Qxc2 19. Ng5+ Kg8 20. Qh4
c5 21. Qg3 Rbd8 22. h3 Rd3 23. Qg4 Rfd8 24. e6 fxe6 25. Qxe6+ Kh8 26. Nf7+ Kh7
27. Qg4 Rf8 28. Rf1 Rd4 29. Qh5+ Kg8 30. Qh8# {Black checkmated} 1-0

[Event "Team 45 45 League T37"]
[Site "Internet Chess Club"]
[Date "2008.05.20"]
[Round "4"]
[White "Glassywoman"]
[Black "AndersO"]
[Result "1/2-1/2"]
[WhiteElo "1445"]
[BlackElo "1414"]
[Opening "Scandinavian (center counter) defense"]
[ECO "B01"]
[Time "17:00:54"]
[TimeControl "2700+45"]

1. e4 d5 2. exd5 Qxd5 3. d4 Nf6 4. Nf3 Bg4 5. Be2 e6 6. O-O Be7 7. h3 Bh5 8. Nc3
Qd8 9. Qd3 c6 10. Ng5 Bg6 11. Qe3 Qd6 12. Bd3 Bxd3 13. Qxd3 Nbd7 14. Re1 Nb6 15.
b3 Nbd5 16. Nce4 Nxe4 17. Nxe4 Qd7 18. a3 Rd8 19. c3 Nf6 20. Bg5 Nxe4 21. Bxe7
Qxe7 22. Qxe4 O-O 23. b4 Qd6 24. Rad1 Qd5 25. Qxd5 cxd5 26. Rc1 Rc8 27. Rc2 Rc7
28. Rec1 Rfc8 29. Kf1 f6 30. f3 e5 31. dxe5 fxe5 32. Ke2 Kf7 33. Kd3 Ke6 34. g3
Kd6 35. h4 Ke6 36. c4 dxc4+ 37. Rxc4 Kd6 38. Rxc7 Rxc7 39. Rxc7 Kxc7 40. Ke4 Kd6
41. g4 Ke6 42. a4 Kd6 43. h5 Ke6 44. g5 a6 45. b5 axb5 46. axb5 b6 47. h6 g6 48.
f4 {Game drawn by mutual agreement} 1/2-1/2

[Event "Team 45 45 League T37"]
[Site "Internet Chess Club"]
[Date "2008.05.18"]
[Round "4"]
[White "rshea11"]
[Black "Kalar-Yadwa"]
[Result "0-1"]
[WhiteElo "1306"]
[BlackElo "1331"]
[Opening "Bogo-Indian defense"]
[ECO "E11"]
[Time "15:01:41"]
[TimeControl "2700+45"]

1. d4 Nf6 2. c4 e6 3. Nf3 Bb4+ 4. Bd2 Bxd2+ 5. Qxd2 d5 6. e3 O-O 7. Nc3 Nc6 8.
Bd3 a6 9. O-O Re8 10. Rac1 Bd7 11. a3 Na5 12. Qc2 Nxc4 13. Ne5 Bb5 14. Nxb5 axb5
15. Nxc4 bxc4 16. Be2 b5 17. Rfe1 Qd6 18. Bf3 c5 19. dxc5 Qxc5 20. e4 Rad8 21.
e5 Nd7 22. Qd2 d4 23. Qf4 d3 24. Bh5 g6 25. Re3 Nf8 26. Rf3 Rd7 27. Bxg6 Nxg6
28. Qh6 Qf8 29. Qh5 Rd4 30. Rh3 Qg7 31. g3 Red8 32. f4 Re4 33. f5 Rxe5 34. Rf1
Rxf5 35. Rxf5 exf5 36. Qg5 Re8 37. Qxf5 Qd4+ 38. Kf1 Qe3 39. Qh5 Qe2+ 40. Qxe2
Rxe2 41. Rh5 Rxb2 42. Ke1 c3 43. Kd1 Rb1# {White checkmated} 0-1

[Event "Team 45 45 League T37"]
[Site "Internet Chess Club"]
[Date "2008.05.15"]
[Round "4"]
[White "albacore"]
[Black "Bootsie"]
[Result "1-0"]
[WhiteElo "1420"]
[BlackElo "1249"]
[Opening "Queen's pawn game"]
[ECO "D02"]
[Time "19:07:29"]
[TimeControl "2700+45"]

1. d4 d5 2. Nf3 Bf5 3. Bf4 Nf6 4. e3 Nc6 5. Bb5 a6 6. Ba4 e6 7. Ne5 b5 8. Nxc6
Qd7 9. Ne5 Qe7 10. Bb3 Ne4 11. O-O f6 12. Nd3 Rc8 13. Nd2 c5 14. dxc5 Nxc5 15.
Nxc5 Qxc5 16. c3 Bd6 17. Bxd6 Qxd6 18. Bc2 O-O 19. Bxf5 exf5 20. Qf3 b4 21. Rac1
Qe5 22. Nb1 Qe4 23. Qxe4 dxe4 24. cxb4 g6 25. Rxc8 Rxc8 26. h3 Rc2 27. a3 Rxb2
28. Rc1 Kg7 29. Kf1 Rb3 30. Rc7+ Kg8 31. Rc1 Kg7 32. Ke1 g5 33. Kd1 f4 34. Kc2
Rd3 35. Rd1 f3 36. gxf3 Rxd1 37. Kxd1 exf3 38. a4 f5 39. a5 g4 40. hxg4 fxg4 41.
Ke1 h5 42. b5 axb5 43. a6 g3 44. fxg3 Kg6 45. a7 h4 46. gxh4 Kh5 47. a8=Q Kxh4
48. Qg8 b4 49. Kf2 b3 50. Qg3+ Kh5 51. Kxf3 b2 52. Kf4 Kh6 53. Kf5 Kh7 54. Kf6
Kh8 55. Qg7# {Black checkmated} 1-0

[Event "Team 45 45 League T37"]
[Site "Internet Chess Club"]
[Date "2008.05.15"]
[Round "4"]
[White "werty"]
[Black "john-beebs"]
[Result "1-0"]
[WhiteElo "1500"]
[BlackElo "1488"]
[Opening "Queen's pawn game"]
[ECO "D04"]
[Time "14:00:44"]
[TimeControl "2700+45"]

1. d4 Nf6 2. Nf3 d5 3. e3 Nc6 4. Nbd2 Bg4 5. Be2 e6 6. c3 Be7 7. O-O O-O 8. Re1
h6 9. Qc2 Re8 10. e4 dxe4 11. Nxe4 Nxe4 12. Qxe4 Bf5 13. Qf4 Bd6 14. Qd2 Qf6 15.
h3 Be7 16. Nh2 Qg6 17. Bg4 Rad8 18. Bxf5 Qxf5 19. Qf4 Qxf4 20. Bxf4 Bd6 21. Bxd6
Rxd6 22. Nf3 Ne7 23. Re2 Ng6 24. g3 b6 25. Rae1 Red8 26. b4 b5 27. Ne5 Ne7 28.
Nd3 Nd5 29. Rc2 Rc6 30. Nc5 Ra8 31. a4 bxa4 32. Nxa4 Nxb4 33. Rd2 Nd5 34. Rb2
Nxc3 35. Rc2 Rd8 36. Rxc3 Rxc3 37. Nxc3 Rxd4 38. Nb5 Rd7 39. Ra1 c6 40. Nxa7 Rc7
41. Ra6 c5 42. Nb5 Rb7 43. Nd6 Rc7 44. Nc4 Kf8 45. Kg2 Ke7 46. Kf3 f6 47. Ke3
Rd7 48. Rc6 Rd5 49. h4 e5 50. Rc7+ Kf8 51. Nd2 f5 52. Nb3 c4 53. Rxc4 Rb5 54.
Nd2 Ke7 55. Rc7+ Kf6 56. Rc6+ Ke7 57. Rc7+ Kf6 58. Rc6+ Ke7 59. Nf3 Rb3+ 60. Ke2
Rb2+ 61. Kf1 Kd7 62. Rg6 Ke7 63. Rxg7+ Kf6 64. Rc7 f4 65. Rc6+ Kf5 66. Kg2 e4
67. Rc5+ Kf6 68. Rc6+ Kg7 69. Ne5 e3 70. Nd3 Rd2 71. Nxf4 Rxf2+ 72. Kh3 Kf7 73.
Rc3 e2 74. Re3 Kf6 75. Rxe2 Rxe2 76. Nxe2 h5 77. Kg2 Kf5 78. Kf3 Ke5 79. Nf4
{Black resigns} 1-0

[Event "Team 45 45 League T37"]
[Site "Internet Chess Club"]
[Date "2008.05.16"]
[Round "4"]
[White "curtintime"]
[Black "bjc"]
[Result "0-1"]
[WhiteElo "1351"]
[BlackElo "1333"]
[Opening "Sicilian: dragon, classical, Grigoriev variation"]
[ECO "B34"]
[Time "20:18:03"]
[TimeControl "2700+45"]

1. e4 c5 2. Nf3 g6 3. d4 cxd4 4. Nxd4 Nc6 5. Nc3 Bg7 6. Be3 Nf6 7. Be2 O-O 8.
Qd2 d6 9. O-O-O Ng4 10. Nxc6 bxc6 11. Bd4 Ne5 12. h3 Be6 13. f4 Nc4 14. Bxc4
Bxc4 15. Bxg7 Re8 16. Qd4 Ba6 17. g4 c5 18. Qa4 Qc8 19. Bh6 e6 20. Rxd6 Qb7 21.
Qxa6 Qc7 22. Rc6 Qe7 23. Qc4 Qh4 24. Bg5 Qg3 25. Qxc5 Qf3 26. Qg1 f6 27. Bxf6
Qxf4+ 28. Kb1 Qxf6 29. Qf1 Qe5 30. Qe2 a5 31. Nb5 Rab8 32. a4 Rb7 33. b3 Rf8 34.
Qc4 Re7 35. Nc7 Rf6 36. Rd1 Kg7 37. Rdd6 Ref7 38. Nxe6+ Rxe6 39. Qd4 Qxd4 40.
Rxd4 Rxc6 41. Kb2 Re6 42. c3 Rf2+ 43. Ka3 Rf3 44. Rd5 Re3 45. Rxa5 R6xe4 46. c4
Rg3 47. Rb5 Rxc4 48. a5 Re4 49. a6 Rg1 50. Kb2 Re2+ 51. Kc3 Rg3+ 52. Kb4 Re1 53.
Rb7+ Kh6 54. a7 Ra1 55. Kc5 Rc3+ 56. Kd6 Rd3+ 57. Kc7 Rc3+ 58. Kb8 Re3 59. Rc7
Rxb3+ 60. Rb7 Re3 61. Rc7 Rb3+ 62. Rb7 Re3 63. Re7 {White resigns} 0-1

[Event "Team 45 45 League T37"]
[Site "Internet Chess Club"]
[Date "2008.05.19"]
[Round "4"]
[White "Werzy"]
[Black "Prop"]
[Result "1-0"]
[WhiteElo "1356"]
[BlackElo "1304"]
[Opening "Two knights defense"]
[ECO "C57"]
[Time "19:38:42"]
[TimeControl "2700+45"]

1. e4 e5 2. Nf3 Nc6 3. Bc4 Nf6 4. Ng5 Qe7 5. Bxf7+ Kd8 6. b3 Nxe4 7. Nxe4 Qxf7
8. O-O d5 9. Ng5 Qg6 10. d3 Be7 11. Nf3 Nd4 12. Nxe5 Qf6 13. Re1 Bd6 14. Bg5 Rf8
15. Bxf6+ Rxf6 16. c3 Nc6 17. d4 Re6 18. Qh5 h6 19. Nf7+ Ke7 20. Rxe6+ Bxe6 21.
Nxd6 cxd6 22. Nd2 Kd7 23. Re1 Re8 24. h3 b5 25. Nf3 b4 26. c4 dxc4 27. d5 cxb3
28. axb3 Ne5 29. Nxe5+ {Black resigns} 1-0

[Event "Team 45 45 League T37"]
[Site "Internet Chess Club"]
[Date "2008.05.18"]
[Round "4"]
[White "jocooper"]
[Black "DonOmar211"]
[Result "0-1"]
[WhiteElo "1156"]
[BlackElo "1191"]
[Opening "Queen's pawn game, Darooha variation "]
[ECO "D02"]
[Time "09:59:14"]
[TimeControl "2700+45"]

1. d4 d5 2. Nf3 Nf6 3. c4 Nc6 4. Nc3 e6 5. e3 Bb4 6. Be2 O-O 7. O-O Re8 8. a3
Bxc3 9. bxc3 b6 10. cxd5 exd5 11. Qc2 Ne4 12. Bb5 Qf6 13. Ne5 Nxe5 14. Bxe8 Nf3+
15. Kh1 Ba6 16. gxf3 Qxf3+ 17. Kg1 Qg4+ 18. Kh1 Bxf1 {White resigns} 0-1